 Dungeon Crawl Stone Soup version 0.31-a0-187-gba352fbbf7 (webtiles) character file.

Game seed: 11717949016629232705

25 qw the Shooter (level 2, 0/16 HPs)
             Began as a Deep Elf Hunter on June 22, 2023.
             Slain by an orc
             ... wielding a +2 mace of protection
              (9 damage)
             ... on level 2 of the Dungeon.
             The game lasted 00:00:14 (905 turns).

qw the Shooter (Deep Elf Hunter)                     Turns: 905, Time: 00:00:14

Health: 0/16       AC:  7    Str:  8    XL:     2   Next: 82%
Magic:  4/4        EV:  8    Int: 13    God:
Gold:   86         SH:  0    Dex: 18    Spells: 1/1 levels left

rFire   . . .        Y - +0 shortbow
rCold   . . .        (shield currently unavailable)
rNeg    . . .        d - +0 scale mail
rPois   .            h - +0 helmet
rElec   .            (no cloak)
rCorr   .            (no gloves)
SInv    .            (no boots)
Will    .....        (no amulet)
Stlth   +            (no ring)
HPRegen 0.22/turn    (no ring)
MPRegen 0.09/turn

%: no passive effects
@: no status effects
A: no striking features
a: no special abilities


You were on level 2 of the Dungeon.
You visited 1 branch of the dungeon, and saw 2 of its levels.

You collected 86 gold pieces.


   Skills:
 - Level 1.5 Fighting
 + Level 6.5 Ranged Weapons
 - Level 2.4 Dodging
 - Level 1.2 Stealth


You had one spell level left.
You didn't know any spells.
Your spell library was empty.

Inventory:

Hand Weapons
 Y - a +0 shortbow (weapon)
Armour
 d - a +0 scale mail (worn)
 h - a +0 helmet (worn)
Jewellery
 f - a ring of fire
Potions
 e - 2 potions of curing

Dungeon Overview and Level Annotations

Branches:
Dungeon (2/15)

Altars:


Message History

You kill the orc!
You start resting.
HP restored.
You see here a +2 dagger of freezing.
Done exploring.
(D) Dungeon
Where to? (* - list waypoints, Enter - D:2, ? - help)
What level of the Dungeon? (default 1, ? - help)
There is a stone staircase leading down here.
You climb downwards.
There is a stone staircase leading up here.
e - 2 potions of curing (gained 1)
You now have 80 gold pieces (gained 10).
You now have 86 gold pieces (gained 6).
An orc priest and a worm come into view.
Found a stone staircase leading down.
The orc priest shouts!
You hear a shout! x2
An orc comes into view. It is wielding a +2 mace of protection.
You shoot an arrow.
The arrow hits the orc priest but does no damage.
You shoot an arrow. The arrow hits the orc priest.
The orc priest is moderately wounded.
An orc comes into view. It is wielding a +0 whip.
You shoot an arrow. The arrow hits the orc!
You kill the orc!
You hear a shout!
You shoot an arrow.
The arrow hits the orc priest but does no damage.
The orc priest is moderately wounded.
An orc comes into view. It is wielding a +0 flail.
You shoot an arrow.
The arrow hits the orc priest but does no damage.
The orc priest is moderately wounded.
The orc hits you with a +2 mace of protection.
The orc priest hits you with a +0 dagger.
You shoot an arrow. The arrow hits the orc priest.
The orc priest is heavily wounded.
The orc hits you with a +2 mace of protection!
Ouch! That really hurt!
You die...

##########
#........# >
#........# ..
#........# ...
#........## ....
#.........#### .....
#<..........o#o.$...
#####.......@ow.....
#...............
##...........##.
#........#.....
#........#.....
#..............
#..............
#........#....#
#...........


You could see a worm, an orc priest and 2 orcs.

Vanquished Creatures
  A dart slug (D:1)
  6 orcs
  2 endoplasms (D:1)
  2 goblins (D:1)
  A hobgoblin (D:1)
  A kobold (D:1)
  3 rats (D:1)
16 creatures vanquished.

Notes
Turn   | Place    | Note
-------+----------+-------------------------------------------
     0 | D:1      | qw the Deep Elf Hunter began the quest for the Orb.
     0 | D:1      | Reached XP level 1. HP: 12/12 MP: 3/3
     0 | D:1      | 0 ||| qw: Version: 0.3-a-9-g12657ce
     0 | D:1      | 0 ||| qw: Game counter: 2154
     0 | D:1      | 0 ||| qw: Always use a shield: true
     0 | D:1      | 0 ||| qw: God list: Okawaru
     0 | D:1      | 0 ||| qw: Allow faded altars: false
     0 | D:1      | 0 ||| qw: Do Orc after D:15 true
     0 | D:1      | 0 ||| qw: Do second Lair branch before Depths: true
     0 | D:1      | 0 ||| qw: Lair rune preference: random
     0 | D:1      | 0 ||| qw: Plans: Normal
     0 | D:1      | 0 ||| PLANNING D:1-11
   286 | D:1      | Reached skill level 6 in Ranged Weapons
   286 | D:1      | Reached XP level 2. HP: 16/16 MP: 4/4
   720 | D:1      | 720 ||| UPGRADING to +0 scale mail.
   730 | D:1      | 730 ||| DROPPING +0 leather armour.
   731 | D:1      | 731 ||| UPGRADING to +0 helmet.
   736 | D:1      | 736 ||| READING scroll labelled PERCHU KUMUSM.
   737 | D:1      | 737 ||| DRINKING 2 cyan potions.
   738 | D:1      | 738 ||| DROPPING scroll of butterflies.
   788 | D:2      | 788 ||| STAIRDANCE
   790 | D:1      | HP: 1/16 [orc/+0 club (4)]
   863 | D:2      | 863 ||| STAIRDANCE
   905 | D:2      | Slain by an orc

Levels and vault maps discovered:
D:1:      onia_arrival_mini_maze, layout_basic, chequers_serial_rivers_micro_d,
          skrybe_limestone_x
D:2:      layout_rooms

Skill      XL: |  1 |
---------------+----+-----
Ranged Weapons | 6 |  6.5
Fighting       | |  1.5
Dodging        | |  2.4
Stealth        | |  1.2

Action                     || total
---------------------------++-------
   Fire: Shortbow          ||    44
    Use: Scroll            ||     1
         Potion            ||     1
 Armour: Scale mail        ||    15
  Dodge: Dodged            ||    16

Table legend:
 A = Non-vault XP
 B = Vault XP
 C = Vault XP percentage of total XP
 D = Non-vault monster count
 E = Vault monster count
 F = Vault count percentage of total count
                 A         B        C        D         E       F
            +---------+---------+-------+---------+---------+-------
      Total |      33 |       3 |   8.3 |      13 |       3 |  18.8
            +---------+---------+-------+---------+---------+-------
        D:1 |      30 |       3 |   9.1 |      12 |       3 |  20.0
        D:2 |       3 |       0 |   0.0 |       1 |       0 |   0.0
            +---------+---------+-------+---------+---------+-------
